 Dungeon Crawl Stone Soup version 0.25-b1-46-gb8a1ec05df (webtiles) character file.

Game seed: 1282077722536934022

898 Curus the Cleaver (level 7, -2/56 HPs)
             Began as a Minotaur Gladiator on June 10, 2020.
             Slain by a hornet (3 damage)
             ... on level 5 of the Dungeon.
             The game lasted 00:15:33 (4362 turns).

Curus the Cleaver (Minotaur Gladiator)              Turns: 4362, Time: 00:15:34

Health: -2/56      AC:  8    Str: 16 (18) XL:     7   Next: 79%
Magic:  0/6        EV: 10    Int:  5 (7)  God:
Gold:   183        SH:  0    Dex:  9 (12) Spells: 6/6 levels left

rFire    . . .     SeeInvis .   n - +0 battleaxe
rCold    . . .     Gourm    .   (shield currently unavailable)
rNeg     . . .     Faith    .   e - +0 scale mail
rPois    .         Spirit   +   c - +1 hat
rElec    .         Reflect  .   g - scarf {repulsion}
rCorr    .         Harm     .   j - +0 pair of gloves
MR       .....                  (no boots)
Stlth    ..........             k - amulet of guardian spirit
HPRegen  0.18/turn              i - ring of flight
MPRegen  0.10/turn              (no ring)

@: lethally poisoned (-2 -> -25), slowed, repel missiles, very slow
A: retaliatory headbutt, horns 2
a: Evoke Flight


You were on level 5 of the Dungeon.
You were hungry.

You visited 1 branch of the dungeon, and saw 5 of its levels.

You collected 183 gold pieces.

Inventory:

Hand Weapons
 a - a +2 war axe
 n - a +0 battleaxe (weapon)
Missiles
 d - 4 throwing nets (quivered)
Armour
 b - a +0 leather armour
 c - a +1 hat (worn)
 e - a +0 scale mail (worn)
 g - a scarf of repulsion (worn)
 j - a +0 pair of gloves (worn)
Jewellery
 i - a ring of flight (left hand)
 k - an amulet of guardian spirit (around neck)
Wands
 p - a wand of acid (9)
Scrolls
 l - a scroll of remove curse
 m - a scroll of magic mapping
Potions
 h - 4 potions of curing
Comestibles
 f - 9 rations


   Skills:
 - Level 2.4 Fighting
 + Level 13.7 Axes
 - Level 2.0 Throwing
 - Level 3.2 Dodging


You had 6 spell levels left.
You didn't know any spells.
Your spell library was empty.

Dungeon Overview and Level Annotations

Branches:
Dungeon (5/15)
 Temple: D:4-7

Altars:
Elyvilon
Ru
Sif Muna
Wu Jian
Xom

Annotations:
D:3 3 runed translucent doors, Froggeryz's ghost, amateur TrWn


Innate Abilities, Weirdness & Mutations

You reflexively headbutt those who attack you in melee.
You have a pair of horns on your head.


Message History

The hornet is severely wounded.
You feel sick. The hornet closely misses you.
The hornet stings you but does no damage.
You closely miss the hornet.
The hornet is severely wounded.
You feel sick. The hornet stings you!
* * * LOW HITPOINT WARNING * * *
You are lethally poisoned!
You feel as though you will be slow longer.
The hornet closely misses you. You furiously retaliate!
You headbutt the hornet. The hornet barely misses you.
You miss the hornet. Your headbutt misses the hornet.
The hornet is severely wounded.
* * * LOW HITPOINT WARNING * * *
You feel sick. The hornet stings you.
* * * LOW HITPOINT WARNING * * *
You are more poisoned.
You feel as though you will be slow longer.
The hornet stings you.
You die...

###** ** #...* *, ***.#.* *##
********, *,,_..####.*# *,,,,,,,,
*,*,*...#.,.###*>******,
*,*,*,...,.....,,* *,,,
*******,*,,,#y#...##.,,****,*,
****,,,,,,,,,*,#@.......,,,,,,,,,
,,,,,*****,*,*,###...##.,,,***,*,
,**,,* *,*,*,* **.##**,*,*,,***
,**,,** *,*,*,** *,#***,*,*,** *
,,,,,,****,*,,*,***,,*,,,,,,**
≈,,,,,,,,,,*,***,,,,,,,*,*,*,** *
≈≈≈≈,,,,,,,*,,*,***,,,**,*,,,,***
*≈≈≈,,,,,,,,,,,,,,,,,,,,,,,,**,*,
≈≈*,,,,*******************,,,,*,,


You could see a hornet.

Vanquished Creatures
  Grinder (D:3)
  Sigmund (D:2)
  A scorpion (D:4)
  A hound (D:4)
  An orc priest (D:5)
  A centaur skeleton (D:5)
  Terence (D:2)
  Jessica (D:2)
  2 worker ants (D:4)
  3 orc wizards
  A howler monkey skeleton (D:4)
  7 gnolls
  5 adders
  3 worms (D:2)
  5 dart slugs
  A leopard gecko (D:2)
  7 orcs
  4 giant cockroaches
  5 goblins
  5 hobgoblins
  3 quokkas
  A ball python (D:3)
  12 bats
  3 frilled lizards
  A jackal skeleton (D:4)
  7 kobolds
  9 rats
92 creatures vanquished.

Vanquished Creatures (others)
  A fungus (D:3)
  A plant (D:3)
2 creatures vanquished.

Grand Total: 94 creatures vanquished

Notes
Turn   | Place    | Note
-------+----------+-------------------------------------------
     0 | D:1      | Curus the Minotaur Gladiator began the quest for the Orb.
     0 | D:1      | Reached XP level 1. HP: 18/18 MP: 0/0
   166 | D:1      | Reached skill level 4 in Axes
   258 | D:1      | Reached XP level 2. HP: 25/25 MP: 1/1
   326 | D:1      | Reached skill level 11 in Axes
   326 | D:1      | Reached XP level 3. HP: 25/30 MP: 2/2
   961 | D:2      | Reached XP level 4. HP: 33/37 MP: 3/3
  1074 | D:2      | Noticed Sigmund
  1091 | D:2      | Killed Sigmund
  1091 | D:2      | Reached skill level 12 in Axes
  1091 | D:2      | Reached XP level 5. HP: 22/42 MP: 4/4
  1312 | D:2      | Noticed Terence
  1320 | D:2      | Killed Terence
  1320 | D:2      | Reached XP level 6. HP: 48/50 MP: 5/5
  1438 | D:2      | Noticed Jessica
  1441 | D:2      | Killed Jessica
  1715 | D:2      | Found a white marble altar of Elyvilon.
  1749 | D:2      | Found a sacrificial altar of Ru.
  1921 | D:3      | You fall into a shaft and drop 2 floors!
  1921 | D:5      | Entered Level 5 of the Dungeon
  2517 | D:3      | Noticed Grinder
  2526 | D:3      | Killed Grinder
  2526 | D:3      | Reached skill level 13 in Axes
  2526 | D:3      | Reached XP level 7. HP: 53/56 MP: 6/6
  2932 | D:3      | Found an ornate altar of the Wu Jian Council.
  3190 | D:3      | Found a runed translucent gate.
  3190 | D:3      | Found a runed translucent gate.
  3191 | D:3      | Found a runed translucent gate.
  3191 | D:3      | Noticed Froggeryz's ghost (amateur TrWn)
  3284 | D:4      | Found a shimmering blue altar of Sif Muna.
  3350 | D:4      | Found a shimmering altar of Xom.
  4350 | D:5      | Noticed a hornet
  4356 | D:5      | Paralysed by a hornet for 3 turns
  4362 | D:5      | HP: 1/56 [hornet (6)]
  4362 | D:5      | Slain by a hornet

Illustrated notes

Levels and vault maps discovered:
D:1:      kennysheep_arrival_seaside, layout_loops_ring,
          minmay_tree_intersection, chequers_serial_rivers_micro_c,
          minmay_cupped
D:2:      layout_rooms, nicolae_ru_sacrificial_ziggurat, marbit_many_paths,
          first_ration, uniq_terence, uniq_jessica, uniq_sigmund
D:3:      layout_basic, lemuel_coloured_pillars_altar, serial_bayou,
          serial_bayou_pond_c, serial_bayou_shore_a, serial_bayou_pond_b,
          serial_bayou_pond_d, gammafunk_ghost_nasty_kobolds,
          serial_bayou_ford_a, uniq_grinder
D:4:      layout_basic, led_sif_book, old_standard_altar
D:5:      minmay_razor_zed, layout_loops_ring, lemuel_crystal_altar,
          nicolae_overflow_hidden_temple, minmay_door_square,
          nicolae_qazlal_general_emergency

Skill      XL: |  1  2  3  4  5  6 |
---------------+-------------------+-----
Axes           | 4 11 12 13 | 13.7
Fighting       | |  2.4
Throwing       | |  2.0
Dodging        | |  3.2

Action                   |  1- 3 |  4- 6 |  7- 9 || total
-------------------------+-------+-------+-------++-------
Melee: War axe           |    54 |    96 |    12 ||   162
       Headbutt          |     6 |    12 |    10 ||    28
       Battleaxe         |       |       |    47 ||    47
  Use: Potion            |     3 |     4 |     1 ||     8
       Scroll            |     2 |     6 |     3 ||    11
  Eat: Chunk             |       |     5 |     5 ||    10
Armor: Scale mail        |    23 |    26 |    13 ||    62
Dodge: Dodged            |    26 |    47 |    26 ||    99
       Repelled          |       |       |     1 ||     1
